AoeStats
← enanone

Four Lakes

507958919Analyzed
1v1 RM · 11d ago on Sep 20, 2026· 19m 10s· 2 players
Game mode
Random Map
Map size
Tiny (2 player)
Population
200
Speed
Normal
Resources
Standard
Victory
Conquest
Starting age
Dark Age
Ending age
Imperial Age
RankedLock teamsTeams togetherTeam positionsShared explorationLock speedFull tech treeHidden civsTurbo modeCheats
Victory
Defeat
🇺🇸 Dravidians · United States
1369
+16
🇪🇸 Chinese · Spain
1377
-16
TomAquinas
6:17 Loom
9:12 Feudal Age
10:10 Double-Bit Axe
13:57 Fletching
15:30 Town Watch
18:53 Castle Age
18:34 Padded Archer Armor
enanone
0:25 Loom
9:25 Feudal Age
10:15 Double-Bit Axe
11:39 Fishing Lines
13:51 Wheelbarrow
18:24 Horse Collar
Connection lost

Rejoining the realm…

Still unreachable

The connection could not be restored.

Session expired

The server has moved on; the page needs a fresh start.